 Dungeon Crawl Stone Soup version 0.28.0-49-g6dfe1f597d (webtiles) character file.

Game seed: 1306204674540605771

81 GigaChad the Shield-Bearer (level 4, 0/40 HPs)
             Began as a Minotaur Fighter on May 11, 2022.
             Slain by Grinder (5 damage)
             ... on level 3 of the Dungeon.
             The game lasted 00:04:26 (2278 turns).

GigaChad the Shield-Bearer (Minotaur Fighter)       Turns: 2278, Time: 00:04:28

Health: 0/40       AC: 11    Str: 21    XL:     4   Next: 20%
Magic:  3/3        EV:  5    Int:  5    God:
Gold:   102        SH:  5    Dex: 11    Spells: 3/3 levels left

rFire   . . .      SeeInvis .   a - +0 long sword
rCold   . . .      Faith    .   c - +0 buckler
rNeg    . . .      Spirit   .   i - +0 plate armour
rPois   .          Reflect  .   (helmet restricted)
rElec   .          Harm     .   (no cloak)
rCorr   .          Rampage  .   (no gloves)
Will    .....                   (no boots)
Stlth   ..........              k - amulet of regeneration
HPRegen 0.93/turn               (no ring)
MPRegen 0.08/turn               (no ring)

@: no status effects
A: horns 2, retaliatory headbutt
a: no special abilities


You were on level 3 of the Dungeon.
You visited 1 branch of the dungeon, and saw 3 of its levels.

You collected 102 gold pieces.

Inventory:

Hand Weapons
 a - a +0 long sword (weapon)
Armour
 b - a +0 scale mail
 c - a +0 buckler (worn)
 g - a +0 chain mail
 i - a +0 plate armour (worn)
Jewellery
 k - an amulet of regeneration (around neck)
Wands
 l - a wand of polymorph (5)
Scrolls
 e - 2 scrolls of identify {unknown}
 f - a scroll of fear {unknown}
 h - a scroll of holy word {unknown}
 m - a scroll of acquirement {unknown}
 n - 3 scrolls of vulnerability {unknown}
 o - a scroll of noise {unknown}
Potions
 d - a potion of might
 j - a potion of haste {unknown}
 p - a potion of invisibility {unknown}
 q - a potion of mutation {unknown}


   Skills:
 + Level 3.9 Fighting
 + Level 3.8 Long Blades
 + Level 4.3 Armour
 + Level 0.1 Dodging
 + Level 4.5 Shields


You had 3 spell levels left.
You didn't know any spells.
Your spell library was empty.

Dungeon Overview and Level Annotations

Branches:
Dungeon (3/15)

Altars:
Gozag
Yredelemnul

Shops:
D:1 [

Annotations:
D:3 Grinder


Innate Abilities, Weirdness & Mutations

You have a pair of horns on your head.
You reflexively headbutt those who attack you in melee.


Message History

You slash the orc!
You kill the orc!
Grinder hits you but does no damage.
You see here a +0 trident.
You hit Grinder. Your headbutt misses Grinder.
Grinder is lightly wounded.
Grinder hits you.
You barely miss Grinder.
Grinder is lightly wounded.
Grinder hits you but does no damage. Grinder barely misses you.
You closely miss Grinder.
Grinder is lightly wounded.
Grinder says, "Don't move a muscle."
Grinder hits you.
You writhe in agony.
You slash Grinder! You headbutt Grinder.
Grinder is moderately wounded.
Grinder blinks!
A giant cockroach comes into view.
Grinder blinks!
Things that are here:
a +0 dagger; a +0 leather armour You see here a +0 trident.
Things that are here:
a +0 short sword; a bat corpse; an orc corpse Grinder hits you.
You writhe in agony.
You block Grinder's attack.
You hit Grinder. You headbutt Grinder!
Grinder is severely wounded.
Grinder hits you!
You writhe in agony.
You closely miss Grinder.
Grinder is severely wounded.
Grinder hits you.
You writhe in agony.
You closely miss Grinder. Your headbutt misses Grinder.
Grinder is severely wounded.
Grinder hits you.
* * * LOW HITPOINT WARNING * * *
You writhe in agony.
* * * LOW HITPOINT WARNING * * *
Grinder hits you.
You die...

...###...####....#
..
.....+....†......#
.
...###...####....#
#### #. #....# .#
# #....# .# .#
#....# .# ..#
#....# ######...#
#...5## .........#
####@.# .........#
##.## .........#
#))# ..########
##)## ..# #B.# ..#
.........# ###
B.........#
........#.#
....#####.#


You could see Grinder and a giant cockroach (wandering).

Vanquished Creatures
  4 adders
  A worm (D:2)
  2 dart slugs
  4 orcs (D:3)
  5 endoplasms
  A goblin (D:3)
  5 hobgoblins
  A ball python (D:2)
  8 bats
  A frilled lizard (D:2)
  2 kobolds
  3 rats
37 creatures vanquished.

Notes
Turn   | Place    | Note
-------+----------+-------------------------------------------
     0 | D:1      | GigaChad the Minotaur Fighter began the quest for the Orb.
     0 | D:1      | Reached XP level 1. HP: 19/19 MP: 0/0
    90 | D:1      | Found a faded altar of an unknown god.
   294 | D:1      | Found Luadegytt's Antique Armour Emporium.
   662 | D:2      | Reached XP level 2. HP: 27/27 MP: 1/1
  1180 | D:2      | Reached XP level 3. HP: 24/33 MP: 2/2
  1972 | D:3      | Found a basalt altar of Yredelemnul.
  2143 | D:3      | Found an opulent altar of Gozag.
  2232 | D:3      | Reached XP level 4. HP: 40/40 MP: 3/3
  2248 | D:3      | Noticed Grinder
  2259 | D:3      | Paralysed by Grinder for 2 turns
  2278 | D:3      | Slain by Grinder

Illustrated notes

Levels and vault maps discovered:
D:1:      lemuel_arrival_muddy, layout_loops_ring, serial_shops,
          nicolae_shop_overgrown_old_shop, ebering_ecumenical_altar_hall,
          corexii_corridor_pit
D:2:      layout_loops_corners, serial_glass, glass_columns_b, glass_columns_c,
          corexii_leaking_fountain
D:3:      layout_basic, mainiacjoe_overflow_catch_the_wave,
          minmay_misc_feat_encased, uniq_grinder

Skill      XL: |  1  2  3 |
---------------+----------+-----
Shields        | 4 |  4.5
Long Blades    | 3 |  3.8
Armour         | 4 |  4.3
Fighting       | |  3.9
Dodging        | |  0.1

Action                   |  1- 3 |  4- 6 || total
-------------------------+-------+-------++-------
Melee: Long sword        |    65 |    20 ||    85
       Headbutt          |     7 |     3 ||    10
Armor: Chain mail        |    39 |       ||    39
       Plate armour      |    33 |    33 ||    66
Dodge: Dodged            |    37 |     7 ||    44
Block: Buckler           |    16 |    13 ||    29
